 Seeded DCSS version 0.27-a0-345-g7370b58 (webtiles) character file.

Game seed: 6872251770755799278 (custom seed)

5881 Illumine the Digger (level 10, -2/69 HPs)
             Began as an Octopode Earth Elementalist on Feb 14, 2021.
             Was a Believer of Vehumet.
             Slain by an ice devil (22 damage)
             ... on level 3 of the Lair of Beasts on Feb 15, 2021.
             The game lasted 00:32:10 (13107 turns).

Illumine the Digger (Octopode Earth Elementalist)  Turns: 13107, Time: 00:32:11

Health: -2/69      AC:  1    Str: 15    XL:     10   Next: 81%
Magic:  2/20       EV: 20    Int: 20    God:    Vehumet [**....]
Gold:   636        SH:  5    Dex: 12    Spells: 13/22 levels left

rFire    . . .     SeeInvis .   p - +3 dagger (drain)
rCold    . . .     Faith    .   (no shield)
rNeg     . . .     Spirit   .   (helmet restricted)
rPois    .         Reflect  +   h - amulet of reflection
rElec    .         Harm     .   f - +6 ring of strength
rCorr    .         Rampage  .   t - +4 ring of evasion
Will     .....                  (no ring)
Stlth    +++.......             (no ring)
HPRegen  0.21/turn              (no ring)
MPRegen  0.17/turn              (no ring)
                                (no ring)
                                (no ring)

@: no status effects
A: almost no armour, stealthy swim, amphibious, 8 rings, constrict 8, camouflage
1, gelatinous body 1
a: Renounce Religion


You were on level 3 of the Lair of Beasts.
You worshipped Vehumet.
Vehumet was pleased with you.
You visited 3 branches of the dungeon, and saw 13 of its levels.
You also visited: Ossuary.

You collected 636 gold pieces.

Inventory:

Hand Weapons
 m - a +0 short sword
 p - a +3 dagger of draining (weapon)
Missiles
 b - 307 stones
 e - 64 poisoned darts (quivered)
Jewellery
 f - a +6 ring of strength (left tentacle)
 h - an amulet of reflection (around mantle)
 t - a +4 ring of evasion (right tentacle)
Wands
 s - a wand of iceblast (6)
 x - a wand of paralysis (7)
 y - a wand of acid (5)
Scrolls
 a - 5 scrolls of teleportation
 g - 3 scrolls of immolation
 i - 4 scrolls of amnesia
 l - 6 scrolls of enchant armour
 C - a scroll of identify
Potions
 c - 3 potions of might
 d - 4 potions of attraction
 j - 4 potions of berserk rage
 k - a potion of degeneration {unknown}
 n - 4 potions of haste
 o - a potion of ambrosia
 q - 3 potions of invisibility
 r - 2 potions of curing
 u - 4 potions of heal wounds
 v - a potion of resistance {unknown}
 z - 2 potions of lignification {unknown}
 A - 2 potions of flight
 B - a potion of brilliance {unknown}


   Skills:
 + Level 6.6 Fighting
 + Level 2.5 Short Blades
 + Level 7.1 Dodging
 - Level 3.0 Stealth
 + Level 6.9 Spellcasting
 + Level 6.7 Conjurations
 - Level 1.0 Transmutations
 + Level 7.9 Earth Magic


You had 13 spell levels left.
You knew the following spells:

 Your Spells              Type           Power        Failure   Level
a - Sandblast             Erth           76%          1%          1
b - Stone Arrow           Conj/Erth      72%          1%          3
c - Lee's Rapid Deconstr  Erth           19%          11%         5

Your spell library contained the following spells:

 Spells                   Type           Power        Failure   Level
 Freeze                   Ice            24%          10%         1
 Magic Dart               Conj           100%         1%          1
 Searing Ray              Conj           68%          1%          2
 Passwall                 Tmut/Erth      20%          2%          2
 Dazzling Flash           Conj/Hex       40%          7%          3
 Summon Small Mammal      Summ           24%          10%         1
 Call Imp                 Summ           6%           14%         2
 Petrify                  Tmut/Erth      24%          16%         4
 Fulminant Prism          Conj/Hex       10%          24%         4
 Iskenderun's Mystic Bla  Conj/Tloc      20%          24%         4
 Call Canine Familiar     Summ           6%           28%         3
 Confusing Touch          Hex            6%           28%         3
 Gell's Gravitas          Tloc           3%           28%         3
 Summon Guardian Golem    Hex/Summ       6%           28%         3
 Summon Ice Beast         Ice/Summ       6%           67%         4
 Summon Lightning Spire   Summ/Air       6%           67%         4
 Yara's Violent Unravell  Hex/Tmut       4%           91%         5
 Metabolic Englaciation   Hex/Ice        3%           95%         5


Dungeon Overview and Level Annotations

Branches:
Dungeon (9/15)             Temple (1/1) D:7            Lair (3/6) D:9
  Swamp (0/4) Lair:2      Ossuary (visited)
  Snake: Lair:2-4    Spider: Lair:2-4       Orc: D:9-12

Altars:
Ashenzari
Cheibriados
Dithmenos
Elyvilon
Fedhas
Gozag
Hepliaklqana
Kikubaaqudgha
Makhleb
Nemelex Xobeh
Okawaru
Qazlal
Ru
Sif Muna
Trog
Uskayaw
Vehumet
Wu Jian
Xom
Yredelemnul
Zin
The Shining One

Shops:
D:6 [

Portals:
Ice
Cave: Lair:3

Annotations:
D:6 Blork the orc, Grinder
Lair:1 Fannar
Lair:2 3 runed translucent doors, brinewave's ghost, journeyman PaEn


Innate Abilities, Weirdness & Mutations

You cannot wear most types of armour.
You are very stealthy in the water. (Stealth+)
You are amphibious.
You can wear up to eight rings at the same time.
You can use your tentacles to constrict eight enemies at once.
Your skin changes colour to match your surroundings (Stealth+).
Your rubbery body absorbs attacks. (AC +1, EV +1)


Message History

The stone arrow hits the ice devil!
The ice devil is moderately wounded.
Unknown command.
Casting: Stone Arrow (safe; 1% risk of failure)
Confirm with . or Enter, or press ? or * to list all spells.
Aiming: Stone Arrow (safe; 1% risk of failure)
Press: ? - help, Shift-Dir - straight line, f/p - ice devil
Aim: an ice devil (moderately wounded, 26% to evade)
The stone arrow hits the ice devil!
The ice devil is heavily wounded.
Unknown command.
You barely miss the ice devil. You grab the ice devil.
The ice devil is heavily wounded.
You constrict the ice devil, but do no damage.
The ice devil misses you.
Casting: Stone Arrow (safe; 1% risk of failure)
Confirm with . or Enter, or press ? or * to list all spells.
You don't have enough magic to cast this spell.
Unknown command.
Unknown command.
You hit the ice devil but do no damage.
The ice devil is heavily wounded.
You constrict the ice devil. The ice devil hits you. The ice devil freezes you!
You hit the ice devil but do no damage.
The ice devil is heavily wounded.
You constrict the ice devil. The ice devil hits you. The ice devil freezes you!
Aiming: Corrosive Bolt
Press: ? - help, Shift-Dir - straight line, f/p - ice devil
Aim: an ice devil (heavily wounded, constricted by you, 0% to evade)
The bolt of acid hits the ice devil!
The ice devil is splashed with acid!
The acid corrodes the ice devil!
You kill the ice devil!
Vehumet accepts your kill.
The bolt of acid hits the ice devil.
The ice devil is splashed with acid.
The acid corrodes the ice devil!
The ice devil is lightly wounded.
The ice devil hits you!
* * * LOW HITPOINT WARNING * * *
The ice devil freezes you!!
You die...

**,,,,,,,,,...............#* ###
*,,,,,,,,,................* #.#
***,,,,,,,,........*...#..* #.#
*****,****..,#P.P..##..##.#####..
*,,,,,****#..#.......#.##........
**,,,,,,,,.........##..#.........
*,,,,,,,,.............##........
*,,,,,,,,,.###+#'###.......†....
*,,,,,,,,,,* #.@.# #..P......?..
*,,,***,**** ##4## ####.....#...
**,,,***** **#.#*****###...##P.
*,,,,,,*******,...,**,*,*#....##P
*,****,,,,,,**....,**,,,......###
*** *,,,,,,**.....****.#....## #
*,,*,***#..∩..* **##..#.***
****** ####### **,,*,,** *****
*******,,,,,,,,


You could see an ice devil (corroded).

Vanquished Creatures
  2 cane toads
  A komodo dragon (Lair:1)
  An ice devil (Lair:3)
  A human (D:3)
  8 yaks
  2 wyverns
  3 wargs
  Duvessa (D:4)
  A water moccasin (Lair:2)
  An orc warrior (D:7)
  A necrophage (D:9)
  An ogre (D:8)
  4 centaurs
  A phantom (D:7)
  An elf zombie (Ossuary)
  9 bullfrogs
  Dowan (D:4)
  A wyvern skeleton (D:6)
  8 killer bees
  5 wights (D:9)
  A howler monkey (D:9)
  An electric eel (Lair:2)
  A jelly (D:5)
  A bullfrog skeleton (D:5)
  2 orc priests
  3 hounds
  A human skeleton (D:3)
  3 iguanas
  5 orc wizards
  6 worker ants
  A hound skeleton (D:8)
  4 mummies (Ossuary)
  A worker ant zombie (D:9)
  6 adders
  A shadow imp (D:9)
  4 white imps
  3 ufetubi
  An ooze (D:1)
  2 adder skeletons
  2 adder zombies
  2 worms (D:2)
  2 dart slugs
  7 leopard geckos
  19 orcs
  6 giant cockroaches
  2 gnoll zombies (Ossuary)
  11 hobgoblins
  14 jackals
  5 quokkas
  A ball python (D:2)
  13 bats
  A frilled lizard (D:1)
  2 goblins
  A goblin zombie (D:3)
  A hobgoblin zombie (Ossuary)
  A jackal skeleton (D:3)
  3 jackal zombies
  6 kobolds
  A kobold zombie (Ossuary)
  3 orc zombies (Ossuary)
  A quokka zombie (D:8)
  9 rats
  A rat zombie (Ossuary)
214 creatures vanquished.

Vanquished Creatures (others)
  Sigmund (D:3)
  An ooze (D:3)
  A dart slug (D:3)
  2 orcs (D:3)
  2 bats (D:3)
  A quokka (D:3)
  A rat (D:3)
  16 fungi (Lair:2)
  13 plants
38 creatures vanquished.

Grand Total: 252 creatures vanquished

Notes
Turn   | Place    | Note
-------+----------+-------------------------------------------
     0 | D:1      | Illumine the Octopode Earth Elementalist began the quest
                  | for the Orb.
     0 | D:1      | Reached XP level 1. HP: 11/11 MP: 3/3
   196 | D:1      | Reached XP level 2. HP: 17/17 MP: 0/5
   699 | D:1      | Reached XP level 3. HP: 12/21 MP: 3/6
   930 | D:2      | Learned a level 3 spell: Stone Arrow
  1486 | D:2      | Reached skill level 1 in Conjurations
  1486 | D:2      | Reached XP level 4. HP: 27/27 MP: 5/8
  2870 | D:3      | Found a runed translucent door.
  2870 | D:3      | Noticed a human
  2876 | D:3      | Found a basalt altar of Yredelemnul.
  3399 | D:3      | Reached XP level 5. HP: 11/32 MP: 3/9
  3497 | D:3      | Killed Sigmund
  3685 | D:3      | Killed a human
  3686 | D:3      | Reached skill level 1 in Fighting
  3686 | D:3      | Reached XP level 6. HP: 32/38 MP: 3/11
  3978 | D:4      | Found a burning altar of Makhleb.
  4673 | D:4      | Noticed Duvessa
  4788 | D:4      | Noticed Dowan
  4792 | D:4      | Killed Duvessa
  4793 | D:4      | Reached XP level 7. HP: 38/45 MP: 1/12
  5039 | D:4      | Killed Dowan
  5487 | D:5      | Entered Level 5 of the Dungeon
  6028 | D:5      | Reached skill level 5 in Earth Magic
  6573 | D:6      | Noticed Grinder
  6657 | D:6      | Found Xuamaudu's Armour Shoppe.
  6716 | D:6      | Reached XP level 8. HP: 52/52 MP: 10/14
  7043 | D:6      | Found an ornate altar of the Wu Jian Council.
  7045 | D:6      | Found a sacrificial altar of Ru.
  7045 | D:6      | Found a shimmering altar of Xom.
  7047 | D:6      | Found a white marble altar of Elyvilon.
  7047 | D:6      | Found an iron altar of Okawaru.
  7047 | D:6      | Found a hazy altar of Hepliaklqana.
  7141 | D:6      | Noticed Blork the orc
  7843 | D:7      | Found a staircase to the Ecumenical Temple.
  7851 | Temple   | Entered the Ecumenical Temple
  7912 | Temple   | Became a worshipper of Vehumet
  8191 | D:7      | Reached skill level 5 in Spellcasting
  8644 | D:7      | Reached skill level 5 in Dodging
  8644 | D:7      | Reached XP level 9. HP: 59/59 MP: 12/16
  9269 | D:8      | Reached skill level 5 in Conjurations
  9269 | D:8      | Reached * piety under Vehumet
  9269 | D:8      | Offered knowledge of Foxfire by Vehumet.
  9301 | D:8      | Found a sand-covered staircase.
  9445 | Ossuary  | Entered an ossuary
 10027 | D:8      | Reached skill level 5 in Fighting
 10599 | D:8      | Noticed a two-headed ogre
 10827 | D:8      | Learned a level 5 spell: Lee's Rapid Deconstruction
 11227 | D:9      | Found a staircase to the Lair.
 11441 | D:9      | Reached XP level 10. HP: 68/68 MP: 4/19
 11692 | D:9      | Noticed a deep elf pyromancer
 11913 | Lair:1   | Entered Level 1 of the Lair of Beasts
 12332 | Lair:1   | Noticed Fannar
 12407 | Lair:2   | Noticed a black mamba
 12574 | Lair:2   | Reached skill level 1 in Short Blades
 12649 | Lair:2   | Noticed a cane toad
 12655 | Lair:2   | Killed a cane toad
 12655 | Lair:2   | Offered knowledge of Freeze by Vehumet.
 12807 | Lair:2   | Noticed a black mamba
 12887 | Lair:2   | Found a runed translucent gate.
 12887 | Lair:2   | Found a runed translucent gate.
 12887 | Lair:2   | Found a runed translucent gate.
 12889 | Lair:2   | Noticed brinewave's ghost (journeyman PaEn)
 12889 | Lair:2   | You fall into a shaft and drop 1 floor!
 12904 | Lair:3   | Reached ** piety under Vehumet
 13057 | Lair:3   | Noticed a cane toad
 13066 | Lair:3   | Killed a cane toad
 13100 | Lair:3   | Found a frozen archway.
 13107 | Lair:3   | Slain by an ice devil

Illustrated notes

Levels and vault maps discovered:
D:1:      eino_arrival_cavern_d, layout_rooms
D:2:      layout_basic
D:3:      kb_forest_paths, layout_rooms, dk_yredelemnul_ordeal, uniq_sigmund
D:4:      layout_cave_pods, lemuel_crystal_altar, uniq_duvessa
D:5:      layout_basic
D:6:      layout_loops_ring, serial_shops, shop, minmay_parallelograms,
          kennysheep_minor_cross, doesnt_xom_only_xom, uniq_blork_the_orc,
          uniq_menkaure, uniq_prince_ribbit1, uniq_grinder
D:7:      layout_loops_corners, minmay_temple_entry_junction
D:8:      layout_basic, nicolae_ossuary_entry_false_entrances
D:9:      layout_basic, erik_lair_orcish_takeover
Temple:   compressed_dpeg_triangle_lava_temple
Lair:1:   layout_long_grid, uniq_fannar
Lair:2:   layout_loops_ring, minmay_swamp_entry_worms,
          ebering_ghost_rock_garden, serial_bayou_shore_a
Lair:3:   layout_gridlike, portal_ice_cave_demonic_guard, serial_bayou_shore_b

Skill      XL: |  1  2  3  4  5  6  7  8  9 10 |
---------------+-------------------------------+-----
Stealth        | 3 |  3.0
Conjurations   | 1 2 3 4 5 6 |  6.7
Spellcasting   | 3 4 5 6 |  6.9
Earth Magic    | 4 5 6 7 |  7.9
Fighting       | 1 2 3 4 5 6 |  6.6
Dodging        | 3 5 6 7 |  7.1
Short Blades   | 2 |  2.5
Transmutations | |  1.0

Action                   |  1- 3 |  4- 6 |  7- 9 | 10-12 || total
-------------------------+-------+-------+-------+-------++-------
Melee: Club              |    41 |    69 |       |       ||   110
       Constrict         |    13 |    24 |    24 |     4 ||    65
       Tentacles         |     3 |    19 |    20 |     5 ||    47
       Short sword       |       |    19 |     3 |       ||    22
       Dagger            |       |       |   110 |    26 ||   136
Throw: Stone             |       |     1 |       |       ||     1
       Dart              |       |       |     2 |       ||     2
 Cast: Sandblast         |    26 |    31 |    41 |       ||    98
       Stone Arrow       |       |     8 |    97 |    51 ||   156
Evoke: Wand              |       |       |     2 |     6 ||     8
  Use: Scroll            |       |     7 |    14 |     8 ||    29
       Potion            |       |     1 |     2 |       ||     3
 Stab: Sleeping          |     6 |     4 |     7 |       ||    17
Armor: Skin              |     4 |    18 |    11 |       ||    33
Dodge: Dodged            |    29 |   102 |   105 |    37 ||   273
Block: Other             |       |       |    32 |    15 ||    47
       Reflection        |       |       |     3 |       ||     3

Table legend: (Time is in decaauts)
 A = Elapsed time spent in this place.
 B = Non-inter-level travel time spent in this place.
 C = Inter-level travel time spent in this place.
 D = Time resting spent in this place.
 E = Time spent auto-exploring this place.
 F = Levels seen in this place.
 G = Mean time per level.
                   A        B        C        D        E       F      G
               +--------+--------+--------+--------+--------+-----+--------+
         Total |  13155 |  12564 |    591 |   4586 |   5458 |  14 |  939.6 |
       Dungeon |  11403 |  10863 |    540 |   3785 |   5045 |   9 | 1267.0 |
        Temple |     80 |     62 |     18 |      0 |     32 |   1 |   80.0 |
          Lair |   1192 |   1159 |     33 |    568 |    236 |   3 |  397.3 |
       Ossuary |    479 |    479 |      0 |    233 |    145 |   1 |  479.0 |
               +--------+--------+--------+--------+--------+-----+--------+

Top non-repeatable levels by time:
     D:2: 1879 daAuts
     D:7: 1852 daAuts
     D:4: 1405 daAuts
     D:3: 1388 daAuts
     D:8: 1356 daAuts
     D:6: 965 daAuts
     D:9: 916 daAuts
     D:1: 858 daAuts
     D:5: 779 daAuts
  Lair:1: 494 daAuts
  Lair:2: 481 daAuts
 Ossuary: 479 daAuts
  Lair:3: 216 daAuts
  Temple: 80 daAuts
